 Dungeon Crawl Stone Soup version 0.30.1-11-g7821555f0a (webtiles) character file.

Game seed: 546514368019285927

267 BiteMe the Firebug (level 6, 0/42 HPs)
             Began as a Demonspawn Fire Elementalist on Dec 23, 2023.
             Slain by an orc wizard
             ... wielding a +0 dagger
              (2 damage)
             ... on level 4 of the Dungeon.
             The game lasted 00:37:18 (4788 turns).

BiteMe the Firebug (Demonspawn Fire Elementalist)   Turns: 4788, Time: 00:37:18

Health: 0/42       AC:  4    Str:  9    XL:     6   Next: 0%
Magic:  3/11       EV: 12    Int: 18    God:
Gold:   34         SH:  0    Dex: 13    Spells: 9/12 levels left

rFire   . . .        s - +0 flail
rCold   . . .        (no shield)
rNeg    . . .        a - +0 robe
rPois   +            r - +0 helmet
rElec   .            (no cloak)
rCorr   .            (no gloves)
SInv    .            g - +0 pair of boots
Will    .....        (no amulet)
Stlth   ++           o - ring of poison resistance
HPRegen 0.27/turn    (no ring)
MPRegen 0.12/turn

%: no passive effects
@: brilliant, hasted, very quick
A: spiny 1, demonic touch 2
a: no special abilities


You were on level 4 of the Dungeon.
You visited 1 branch of the dungeon, and saw 4 of its levels.

You collected 142 gold pieces.
You spent 108 gold pieces at shops.

Inventory:

Hand Weapons
 s - a +0 flail (weapon)
 t - a +0 spear
 v - a +0 long sword
Missiles
 f - 4 javelins
 q - a throwing net
Armour
 a - a +0 robe (worn)
 g - a +0 pair of boots (worn)
 h - a +0 scale mail of fire resistance
 r - a +0 helmet (worn)
Magical Staves
 p - a staff of air
Jewellery
 o - a ring of poison resistance (left hand)
Scrolls
 c - a scroll of poison {unknown}
 e - 2 scrolls of enchant armour {unknown}
 i - a scroll of amnesia
 j - a scroll of vulnerability
 l - 2 scrolls of teleportation
 m - a scroll of fog
 u - a scroll of immolation {unknown}
Potions
 b - a potion of magic
 d - a potion of mutation
 k - 2 potions of haste
 n - a potion of curing {unknown}


   Skills:
 + Level 0.3 Fighting
 - Level 0.1 Maces & Flails
 * Level 2.4 Dodging
 - Level 2.6 Stealth
 + Level 3.5 Spellcasting
 + Level 2.0 Conjurations
 * Level 4.2 Fire Magic


You had 9 spell levels left.
You knew the following spells:

 Your Spells              Type           Power      Damage    Failure   Level
a - Foxfire               Conj/Fire      84%        2x1d8     4%          1
b - Scorch                Fire           54%        2d7       4%          2

Your spell library contained the following spells:

 Spells                   Type           Power      Damage    Failure   Level
 Inner Flame              Hex/Fire       16%        N/A       21%         3
 Volatile Blastmotes      Fire/Tloc      32%        2d12      21%         3
 Flame Wave               Conj/Fire      21%        2d8       38%         4
 Portal Projectile        Hex/Tloc       8%         N/A       43%         3
 Tukima's Dance           Hex            4%         N/A       43%         3
 Blade Hands              Tmut           2%         N/A       99%         5


Dungeon Overview and Level Annotations

Branches:
Dungeon (4/15)
 Temple: D:4-7

Altars:
Yredelemnul

Shops:
D:2 ?   D:3 *[*


Innate Abilities, Weirdness & Mutations

You are partially covered in sharp spines.
Your touch may inflict irresistible damage on your foes.


Message History

Something completely misses you. Something hits you but does no damage.
You hear some strange, mumbled words.
You are confused.
The adder closely misses you. Something hits you but does no damage.
An adder is nearby!
The adder barely misses you.
You're too confused to cast spells.
Something hits you but does no damage. The adder bites you.
* * * LOW HITPOINT WARNING * * *
Something barely misses you.
You feel yourself speed up. The adder bites you but does no damage.
Something hits you.
* * * LOW HITPOINT WARNING * * *
Something barely misses you. The adder bites you.
* * * LOW HITPOINT WARNING * * *
An adder is nearby!
An adder is nearby!
An adder is nearby!
You feel less confused. The adder bites you but does no damage.
Something hits you.
* * * LOW HITPOINT WARNING * * *
You hear some strange, mumbled words.
Something tries to affect you, but you resist.
It was a potion of brilliance.
You feel clever all of a sudden. The adder closely misses you.
Casting: Foxfire (safe; 4% risk of failure)
Confirm with . or Enter, or press ? or * to list all spells.
You feel a surge of power!
Flames lash the adder.
You kill the adder!
Something barely misses you.
You have reached level 6!
Your demonic ancestry asserts itself...
Sharp spines emerge from parts of your body.
Casting: Foxfire (safe; 4% risk of failure)
Press: ? - help, Q - select action, (/) - cycle Dir - look around, f - activate You feel a surge of power!
You conjure some foxfire!
Something hits you but does no damage. Something hits you.
You die... #...## #...########## #.. #..)........[## #... ....)##..........## #...# .So

#...........##...# .
#...........#...#
#(.............#
##.. #....{{v......#
#....
##....@......##
##.....
###..v......#
##......
####....#.###.......
######.##........
#..#........
##..........
#.....)....
#.#..†.....
######<[...


There were no monsters in sight!

Vanquished Creatures
  A hound (D:4)
  2 orc priests
  Robin (D:2)
  7 gnolls
  2 adders
  A worm (D:2)
  2 dart slugs
  7 orcs
  4 ball pythons
  4 endoplasms
  5 giant cockroaches
  9 hobgoblins
  2 quokkas
  4 bats
  2 frilled lizards
  12 goblins
  2 kobolds
  5 rats
72 creatures vanquished.

Vanquished Creatures (others)
  174 foxfires
174 creatures vanquished.

Grand Total: 246 creatures vanquished

Notes
Turn   | Place    | Note
-------+----------+-------------------------------------------
     0 | D:1      | BiteMe the Demonspawn Fire Elementalist began the quest for
                  | the Orb.
     0 | D:1      | Reached XP level 1. HP: 13/13 MP: 3/3
   605 | D:1      | You fall into a shaft and drop 1 floor!
   713 | D:2      | Found Oblearph's Magic Scroll Boutique.
   739 | D:2      | Gained mutation: Your touch may inflict minor irresistible
                  | damage on your foes. [demonic ancestry]
   739 | D:2      | Reached XP level 2. HP: 19/19 MP: 0/5
   864 | D:2      | Learned a level 2 spell: Scorch
  1116 | D:1      | Reached skill level 3 in Fire Magic
  2144 | D:2      | Reached XP level 3. HP: 24/24 MP: 0/6
  2424 | D:2      | Noticed Robin
  2478 | D:2      | Reached XP level 4. HP: 30/30 MP: 5/8
  2516 | D:2      | Killed Robin
  2799 | D:2      | Bought a scroll of identify for 20 gold pieces
  2803 | D:2      | Bought a scroll of identify for 20 gold pieces
  2803 | D:2      | Bought a scroll of identify for 20 gold pieces
  2908 | D:3      | Found a basalt altar of Yredelemnul.
  3074 | D:3      | Found Girhoxzehith's General Store.
  3386 | D:3      | Found Seseb's Assorted Antiques.
  3550 | D:3      | Gained mutation: Your touch may inflict irresistible damage
                  | on your foes. [demonic ancestry]
  3550 | D:3      | Reached XP level 5. HP: 35/35 MP: 2/9
  3761 | D:3      | Found Utitwut's Antique Armour Shoppe.
  4265 | D:4      | Reached skill level 4 in Fire Magic
  4592 | D:3      | Bought a scroll of fog for 48 gold pieces
  4784 | D:4      | HP: 1/36 [something (1)]
  4788 | D:4      | Gained mutation: You are partially covered in sharp spines.
                  | [demonic ancestry]
  4788 | D:4      | Reached XP level 6. HP: 2/42 MP: 4/11
  4788 | D:4      | Slain by an orc wizard

Illustrated notes

Levels and vault maps discovered:
D:1:      minmay_arrival_diagonal_passages, layout_loops_ring
D:2:      layout_basic, basic_altar, serial_shops, shop, uniq_robin
D:3:      layout_basic, yredelemnul_altar_generic, serial_shops,
          nicolae_lakefront_shop, shop, shop, grunt_decor_clamped
D:4:      layout_cave_pods, nicolae_stop_n_shop_1

Skill      XL: |  1  2  3  4  5 |
---------------+----------------+-----
Fire Magic     | 3 4 |  4.2
Dodging        | 2 |  2.4
Stealth        | 2 |  2.6
Spellcasting   | 3 |  3.5
Conjurations   | 2 |  2.0
Fighting       | |  0.3
Maces & Flails | |  0.1

Action                     |  1- 3 |  4- 6 || total
---------------------------+-------+-------++-------
  Melee: Touch             |     1 |     6 ||     7
         Hand axe          |     1 |       ||     1
         Flail             |       |    27 ||    27
   Cast: Foxfire           |    48 |    58 ||   106
         Scorch            |     1 |     7 ||     8
    Use: Scroll            |       |     6 ||     6
         Potion            |       |     3 ||     3
   Stab: Sleeping          |       |     1 ||     1
 Armour: Robe              |     1 |    25 ||    26
  Dodge: Dodged            |     5 |    73 ||    78
